 Dungeon Crawl Stone Soup version 0.17-a0-1731-g129c023 (webtiles) character file.

124 Adamqs the Grave Robber (level 4, -3/31 HPs)
             Began as a Mummy Necromancer on Aug 29, 2015.
             Slain by a giant frog (8 damage)
             ... on level 3 of the Dungeon.
             The game lasted 00:31:50 (3033 turns).

Adamqs the Grave Robber (Mummy Necromancer)         Turns: 3033, Time: 00:31:51

Health: -3/31      AC:  5    Str: 11    XL:     4   Next: 81%
Magic:  3/8        EV: 12    Int: 15    God:
Gold:   99         SH:  0    Dex: 12    Spells: 2 memorised, 7 levels left

rFire  x . .     SeeInvis .     p - +0 flail
rCold  + . .     Clarity  .     c - +0 leather armour
rNeg   + + +     SustAt   .     (no shield)
rPois  ∞         Gourm    .     g - +0 helmet
rElec  .         Spirit   .     r - +0 cloak
rCorr  .         Warding  +     (no gloves)
rMut   .         Stasis   .     (no boots)
MR     .....                    f - amulet of warding
Stlth  ++........               (no ring)
                                (no ring)

@: not resistant to hostile enchantments, unstealthy
A: no food or potions, fire vulnerability, cold resistance 1, negative energy
resistance 3, torment resistance, unbreathing
a: no special abilities


You were on level 3 of the Dungeon.
You were not hungry.

You visited 1 branch of the dungeon, and saw 3 of its levels.

You collected 99 gold pieces.

Inventory:

Hand weapons
 e - a +0 club
 h - a +2 mace of holy wrath
 k - a +0 club
 p - a +0 flail (weapon)
 v - a +0 whip
Armour
 a - a +0 robe
 c - a +0 leather armour (worn)
 g - a +0 helmet (worn)
 r - a +0 cloak (worn)
Jewellery
 f - an amulet of warding (around neck)
Scrolls
 d - a scroll of identify
 l - a scroll of recharging
 q - a scroll of teleportation
 u - a scroll of enchant weapon {unknown}
Potions
 i - a potion of heal wounds {unknown}
 j - a potion of degeneration {unknown}
 m - a potion of ambrosia {unknown}
 o - 2 potions of haste {unknown}
 s - a potion of invisibility {unknown}
 t - 2 potions of beneficial mutation {unknown}
Books
 b - a book of Necromancy

   Spells                             Type                      Level
   a - Pain                           Necromancy                   1
   b - Animate Skeleton               Necromancy                   1
   c - Vampiric Draining              Necromancy                   3
   d - Regeneration                   Charms/Necromancy            3
   e - Animate Dead                   Necromancy                   4
   f - Control Undead                 Necromancy                   4
Comestibles
 n - 2 meat rations
 w - a bread ration


   Skills:
 + Level 0.4 Fighting
 + Level 0.1 Armour
 + Level 2.0 Dodging
 + Level 1.9 Stealth
 + Level 3.1 Spellcasting
 + Level 5.0 Necromancy


You had 7 spell levels left.
You knew the following spells:

 Your Spells              Type           Power        Failure   Level  Hunger
a - Pain                  Necr           ###.         3%          1    N/A
b - Animate Skeleton      Necr           N/A          3%          1    N/A

Dungeon Overview and Level Annotations

Branches:
Dungeon (3/15)

Altars:
Dithmenos
Ru
Sif Muna


Innate Abilities, Weirdness & Mutations

You do not eat or drink.
Your flesh is vulnerable to fire.
You are immune to poison.
Your flesh is cold resistant.
You are immune to negative energy.
You are immune to unholy pain and torment.
You can survive without breathing.


Message History

Confirm with . or Enter, or press ? or * to list all spells.
Aiming: Pain
Press: ? - help, Shift-Dir - straight line, f/p - giant frog
Aim: a giant frog (heavily wounded, chance to defeat MR: 76%)
The giant frog convulses in agony!
The giant frog hits you.
Casting: Pain
Confirm with . or Enter, or press ? or * to list all spells.
Aiming: Pain
Press: ? - help, Shift-Dir - straight line, f/p - giant frog
Aim: a giant frog (heavily wounded, chance to defeat MR: 76%)
The giant frog convulses in agony!
The giant frog hits you!
* * * LOW HITPOINT WARNING * * *
The giant frog closely misses you.
Casting: Pain
Confirm with . or Enter, or press ? or * to list all spells.
Aiming: Pain
Press: ? - help, Shift-Dir - straight line, f/p - giant frog
Aim: a giant frog (heavily wounded, chance to defeat MR: 76%)
The giant frog convulses in agony!
The giant frog hits you!
You die...

############## #?#
.............#.#.# # .#
#####.........#.#.#.#.# #.#
######...#.........#.#.#.#.# #.#
....^..............#.#..... #.#
###>........).........#.######.#
.....#...#.#.....#.#.#....ZZ..#.#
####.#.#.#.#...#.#.#.#.#.####.#.#
#...........F@.)..............
#.#.#.#.#.....#..............#
#.#.#.#.###.###.#.#........... #
#.#.#.# #.# #.#.##.#########
#.#.#.# #.# #.#.##).#....?..
.=#.#.# #<# #.#.###.#.######
#.#.#.# ### #.#.# #.#.#....#
..#.#.. ..#.# #.#.#.##..
#†#.......


You could see a giant frog.

Vanquished Creatures
  Jessica (D:3)
  3 adders
  2 oozes
  A worm (D:2)
  2 orcs (D:3)
  4 giant cockroaches
  6 hobgoblins
  2 quokkas
  A ball python (D:1)
  8 bats
  2 giant geckos
  4 giant newts (D:2)
  4 goblins (D:2)
  2 jackals (D:1)
  8 kobolds
  4 rats
54 creatures vanquished.

Vanquished Creatures (collateral kills)
  A worm (D:2)
  A giant cockroach (D:1)
  A ball python (D:2)
  A kobold (D:1)
  A rat (D:1)
5 creatures vanquished.

Grand Total: 59 creatures vanquished

Notes
Turn   | Place    | Note
--------------------------------------------------------------
     0 | D:1      | Adamqs the Mummy Necromancer began the quest for the Orb.
     0 | D:1      | Reached XP level 1. HP: 13/13 MP: 3/3
    23 | D:1      | Learned a level 1 spell: Animate Skeleton
   196 | D:1      | Reached XP level 2. HP: 19/19 MP: 0/5
  1244 | D:2      | Found a sacrificial altar of Ru.
  1244 | D:2      | Found a deep blue altar of Sif Muna.
  1310 | D:2      | Reached XP level 3. HP: 6/24 MP: 2/6
  2151 | D:2      | Reached XP level 4. HP: 18/30 MP: 4/8
  2668 | D:3      | Noticed Jessica
  2688 | D:3      | Killed Jessica
  2688 | D:3      | Reached skill level 5 in Necromancy
  2690 | D:3      | Found a shadowy altar of Dithmenos.
  3020 | D:3      | Noticed a giant frog
  3033 | D:3      | Slain by a giant frog

Vault maps used:
D:1:      dpeg_arrival_radiant
D:2:      gammafunk_temple_overflow_pools
D:3:      grunt_dithmenos_smoke_and_mirrors, uniq_robin, uniq_jessica

Action                   |  1- 3 |  4- 6 || total
-------------------------+-------+-------++-------
Melee: Unarmed           |     5 |       ||     5
       Club              |    23 |       ||    23
       Flail             |    22 |    13 ||    35
 Cast: Pain              |    61 |    41 ||   102
       Animate Skeleton  |    10 |     5 ||    15
  Use: Scroll            |       |     4 ||     4
 Stab: Distracted        |     1 |       ||     1
